 Dungeon Crawl Stone Soup version 0.30-a0-1066-g63dfefce0d (webtiles) character file.

Game seed: 14292916626830262010

94 BlueFish the Trooper (level 4, -4/31 HPs)
             Began as an Octopode Fighter on Apr 12, 2023.
             Slain by a cerulean imp
             ... wielding a +2 spear
             ... summoned by Natasha
              (5 damage)
             ... on level 2 of the Dungeon.
             The game lasted 00:02:20 (1093 turns).

BlueFish the Trooper (Octopode Fighter)             Turns: 1093, Time: 00:02:21

Health: -4/31      AC:  1    Str: 23    XL:     4   Next: 63%
Magic:  4/4        EV: 13    Int: 10    God:
Gold:   106        SH:  4    Dex: 11    Spells: 3/3 levels left

rFire   . . .      SeeInvis .    a - +0 flail
rCold   . . .      Faith    .    d - +0 buckler
rNeg    . . .      Spirit   .    (helmet restricted)
rPois   .          Reflect  .    (no amulet)
rElec   .          Rampage  .    n - +6 ring of strength
rCorr   .                        (no ring)
Will    .....                    (no ring)
Stlth   +++                      (no ring)
HPRegen 0.25/turn                (no ring)
MPRegen 0.09/turn                (no ring)
                                 (no ring)
                                 (no ring)

@: no status effects
A: almost no armour, amphibious, 8 rings, camouflage 1, gelatinous body 1,
(nimble swimmer 1), tentacles
a: no special abilities


You were on level 2 of the Dungeon.
You visited 1 branch of the dungeon, and saw 2 of its levels.

You collected 106 gold pieces.

Inventory:

Hand Weapons
 a - a +0 flail (weapon)
 b - a +0 sling
Missiles
 e - 9 stones
 k - 6 poisoned darts
 m - 4 boomerangs
Armour
 d - a +0 buckler (worn)
Jewellery
 n - a +6 ring of strength (left tentacle)
Scrolls
 g - a scroll of noise {unknown}
 h - a scroll of vulnerability {unknown}
 l - a scroll of blinking {unknown}
 o - a scroll of enchant armour {unknown}
Potions
 c - a potion of might
 f - a potion of brilliance {unknown}
 i - a potion of berserk rage {unknown}
 j - a potion of degeneration {unknown}


   Skills:
 + Level 3.3 Fighting
 + Level 2.3 Maces & Flails
 + Level 1.0 Ranged Weapons
 + Level 1.3 Throwing
 + Level 3.2 Dodging
 * Level 3.1 Stealth
 + Level 3.2 Shields


You had 3 spell levels left.
You didn't know any spells.
Your spell library contained the following spells:

 Spells                   Type           Power      Damage    Failure   Level
 Volatile Blastmotes      Fire/Tloc      0%         2d10      83%         3
 Fulminant Prism          Conj/Hex       0%         3d5       99%         4
 Iskenderun's Mystic Bla  Conj/Tloc      0%         2d3       99%         4
 Lee's Rapid Deconstruct  Erth           0%         3d4*      100%        5


Dungeon Overview and Level Annotations

Branches:
Dungeon (2/15)

Altars:

Annotations:
D:2 Natasha, Sigmund


Innate Abilities, Weirdness & Mutations

You cannot wear most types of armour.
You are amphibious.
You can wear up to eight rings at the same time.
Your skin changes colour to match your surroundings (Stealth+).
Your rubbery body absorbs attacks. (AC +1, EV +1)
((You are camouflaged when in or above water. (Stealth+)))
You have tentacles for arms and can constrict up to eight enemies at once.


Message History

Press: ? - help, Q - select action, (/) - cycle Shift-Dir - straight line, f/p - adder
Aim: an adder (29% to hit)
You shoot a sling bullet.
The sling bullet closely misses the adder.
Natasha, Servant of Life and Death comes into view.
Natasha moves out of view.
Fire: b) +0 sling
Press: ? - help, Q - select action, (/) - cycle Shift-Dir - straight line, f/p - adder
Aim: an adder (29% to hit)
You shoot a sling bullet.
The sling bullet completely misses the adder.
a - a +0 flail (weapon)
The adder barely misses you.
You barely miss the adder. Your grab misses the adder.
The adder closely misses you. The adder bites you.
You barely miss the adder. You grab the adder. Your squeeze misses the adder.
You constrict the adder. The adder barely misses you.
Natasha casts a spell.
You sock the adder!
You kill the adder!
Natasha casts a spell at you. The magic dart hits you!
You barely miss Natasha. Your grab misses Natasha. You squeeze Natasha.
Natasha is lightly wounded.
Natasha misses you. The cerulean imp closely misses you.
You hit Natasha but do no damage. Your grab misses Natasha.
Natasha is lightly wounded.
Natasha stares at you and mumbles some strange words.
The magic dart hits you!
The cerulean imp hits you from afar with a +2 spear.
* * * LOW HITPOINT WARNING * * *
Natasha claws you.
* * * LOW HITPOINT WARNING * * *
You sock Natasha! Your grab misses Natasha.
Natasha is almost dead.
The cerulean imp hits you from afar with a +2 spear.
* * * LOW HITPOINT WARNING * * *
Natasha drinks a potion.
Natasha is healed!
The cerulean imp hits you from afar with a +2 spear.
You die...

#.........##
#...........
#.........#
##.........#
...........#
#.#.......# .
###.##.....###...
.......).........
.##.##5h@..$..#
#.....#####....
#....## # #...## ##
#.#.# .. #.##.#.# .#
#....#.####..#
###........#########
#........####........


You could see Natasha and a cerulean imp (summoned).

Vanquished Creatures
  Natasha (D:2)
  4 adders
  A worm (D:2)
  A dart slug (D:1)
  3 bats (D:1)
  2 endoplasms
  2 giant cockroaches (D:1)
  6 goblins
  2 hobgoblins
  2 kobolds (D:1)
  A quokka (D:1)
  2 ball pythons
  A rat (D:1)
28 creatures vanquished.

Notes
Turn   | Place    | Note
-------+----------+-------------------------------------------
     0 | D:1      | BlueFish the Octopode Fighter began the quest for the Orb.
     0 | D:1      | Reached XP level 1. HP: 16/16 MP: 1/1
    76 | D:1      | Reached skill level 1 in Stealth
   123 | D:1      | Reached XP level 2. HP: 21/21 MP: 2/2
   190 | D:1      | Found a faded altar of an unknown god.
   696 | D:1      | Reached XP level 3. HP: 26/26 MP: 3/3
   835 | D:2      | Noticed Sigmund
   916 | D:2      | Reached skill level 1 in Throwing
  1010 | D:2      | Reached XP level 4. HP: 31/31 MP: 4/4
  1029 | D:2      | Noticed Natasha
  1036 | D:2      | Killed Natasha
  1037 | D:2      | Reached skill level 1 in Ranged Weapons
  1084 | D:2      | Noticed Natasha
  1093 | D:2      | HP: 1/31 [cerulean imp/+2 spear[Natasha] (3)]
  1093 | D:2      | Slain by a cerulean imp

Illustrated notes

Levels and vault maps discovered:
D:1:      kennysheep_arrival_forest, layout_loops_cross,
          chequers_ecumenical_altar_simple_redux, glass_columns_c,
          chequers_decorated_corner
D:2:      layout_rooms, serial_bayou_pond_d, uniq_jessica, uniq_sigmund,
          uniq_natasha

Skill      XL: |  1  2  3  4 |
---------------+-------------+-----
Stealth        | 1 2 3 |  3.1
Throwing       | 1 |  1.3
Ranged Weapons | 1 |  1.0
Fighting       | |  3.3
Maces & Flails | |  2.3
Dodging        | |  3.2
Shields        | |  3.2

Action                     |  1- 3 |  4- 6 || total
---------------------------+-------+-------++-------
  Melee: Flail             |    24 |    12 ||    36
         Constrict         |     8 |     4 ||    12
         Tentacles         |     1 |     2 ||     3
   Fire: Sling             |    42 |    13 ||    55
 Armour: Skin              |       |     1 ||     1
  Dodge: Dodged            |    27 |    10 ||    37
  Block: Buckler           |     8 |     1 ||     9

Table legend: (Time is in decaauts)
 A = Elapsed time spent in this place.
 B = Non-inter-level travel time spent in this place.
 C = Inter-level travel time spent in this place.
 D = Time resting spent in this place.
 E = Time spent auto-exploring this place.
 F = Levels seen in this place.
 G = Mean time per level.
                   A        B        C        D        E       F      G
               +--------+--------+--------+--------+--------+-----+--------+
         Total |   1113 |   1041 |     72 |      9 |    807 |   2 |  556.5 |
       Dungeon |   1113 |   1041 |     72 |      9 |    807 |   2 |  556.5 |
               +--------+--------+--------+--------+--------+-----+--------+

Top non-repeatable levels by time:
     D:1: 905 daAuts
     D:2: 208 daAuts
